 Dungeon Crawl Stone Soup version 0.32-a0-779-g362cfcae2a (webtiles) character file.

Game seed: 7577349966739718076

4153 ezpacito the Chopper (level 10, -1/74 (77) HPs)
             Began as a Coglin Chaos Knight on Mar 19, 2024.
             Was a Plaything of Xom.
             Succumbed to a killer bee's poison
             ... on level 7 of the Dungeon.
             The game lasted 00:11:14 (7572 turns).

ezpacito the Chopper (Coglin Chaos Knight)          Turns: 7572, Time: 00:11:15

HP:   -1/74 (77)    AC: 11    Str: 14 (16) XL:     10   Next: 28%
MP:   15/15         EV:  8    Int:  9 (10) God:    Xom [...*..]
Gold: 378           SH:  0    Dex: 15 (18) Spells: 15/15 levels left

rFire   . . .        z - +3 flail (chaos) {Gaius}
rCold   . . .        x - +1 hand axe (drain) {Amyrtaeus}
rNeg    . . .        r - +0 chain mail
rPois   .            (no helmet)
rElec   .            (no cloak)
rCorr   .            h - +0 pair of gloves
SInv    .            (no boots)
Will    .....        (amulet unavailable) Stlth
                     (ring unavailable)
HPRegen 0.32/turn    (ring unavailable)
MPRegen 0.14/turn    (no gizmo)

%: no passive effects
@: lethally poisoned (-1 -> -12), attractive, lightly drained, revved
A: off-hand wielding, slow wielding, warmup strikes, no jewellery, agile 1, wild
magic 1, persistent drain
a: Invent Gizmo, Renounce Religion


You were on level 7 of the Dungeon.
You worshipped Xom.
You were a favourite toy of Xom.
You visited 2 branches of the dungeon, and saw 8 of its levels.
You also visited: Ossuary.

You collected 378 gold pieces.

Inventory:

Hand Weapons
 a - a +0 hand axe of chaos {Edwyna}
 b - a +0 trident
 d - the +10 glaive of Jaucraoc {venom, rPois rN++ Dex-3}
   (You found it on level 6 of the Dungeon)

   Dex-3:     It affects your dexterity (-3).
   rPois:     It protects you from poison.
   rN++:      It greatly protects you from negative energy.
 l - a +0 broad axe
 x - a +1 hand axe of draining (offhand) {Amyrtaeus}
 z - a +3 flail of chaos (weapon) {Gaius}
Missiles
 n - 6 poisoned darts (quivered)
Armour
 h - a +0 pair of gloves (worn)
 o - a +0 plate armour
 r - a +0 chain mail (worn)
Wands
 v - a wand of light (17)
Scrolls
 e - 2 scrolls of revelation
 f - a scroll of blinking {unknown}
 i - a scroll of torment {unknown}
 k - a scroll of noise
 m - 2 scrolls of enchant weapon {unknown}
 s - a scroll of immolation
 t - 4 scrolls of teleportation
Potions
 j - 4 potions of brilliance
 p - 3 potions of lignification


   Skills:
 * Level 6.5 Fighting
 * Level 6.7(7.3) Axes
 + Level 3.8(5.5) Polearms
 * Level 5.7 Armour
 * Level 5.2 Dodging
 + Level 3.6 Stealth
 + Level 3.3 Spellcasting
 + Level 5.0 Evocations


You had 15 spell levels left.
You didn't know any spells.
Your spell library contained the following spells:

 Spells                   Type           Power      Damage    Failure   Level
 Sandblast                Erth           2%         2d4       99%         1
 Static Discharge         Conj/Air       2%         3-4/arc   100%        2
 Stone Arrow              Conj/Erth      2%         3d7       100%        3
 Airstrike                Air            0%         2d(1-17)  100%        4
 Brom's Barrelling Bould  Conj/Erth      1%         2d3       100%        4
 Summon Lightning Spire   Summ/Air       1%         N/A       100%        4
 Iskenderun's Battlesphe  Conj           1%         2d6       100%        5
 Bombard                  Conj/Erth      0%         9d1       100%        6
 Spellforged Servitor     Conj/Summ      0%         N/A       100%        7


Dungeon Overview and Level Annotations

Branches:
Dungeon (7/15)             Temple (1/1) D:6         Ossuary (visited)

Altars:
Cheibriados
Dithmenos
Elyvilon
Gozag
Hepliaklqana
Makhleb
Nemelex Xobeh
Okawaru
Qazlal
Ru
Wu Jian
Xom
Zin
The Shining One

Shops:
D:3 :

Annotations:
D:6 1 runed translucent door, pokeman's ghost, novice DEHW


Innate Abilities, Weirdness & Mutations

You can wield a second weapon in your off-hand.
It takes a long time for you to wield or remove held weapons.
Your first few attacks do less damage.
You cannot equip rings or amulets.
You are agile. (Dex +4, Str/Int -1)
Your spells are a little harder to cast, but a little more powerful.
Your health recovers twice as slowly from being drained.


Message History

You are more poisoned.
The killer bee poisons you! The killer bee barely misses you.
The killer bee stings you.
* * * LOW HITPOINT WARNING * * *
You are lethally poisoned!
The killer bee poisons you! The killer bee closely misses you.
You take 12 damage, and have 14/74 hp.
You hit the killer bee but do no damage.
You hit the killer bee with your +1 hand axe of draining.
You drain the killer bee.
You hit the killer bee with your +1 hand axe of draining.
You drain the killer bee.
You barely miss the killer bee with your +3 flail of chaos.
* * * LOW HITPOINT WARNING * * *
You feel very sick. The killer bee barely misses you.
The killer bee stings you but does no damage.
The killer bee barely misses you. x2; The killer bee stings you.
* * * LOW HITPOINT WARNING * * *
The killer bee closely misses you.
You take 7 damage, and have 7/74 hp.
You thump the killer bee with your +3 flail of chaos!
The killer bee looks weaker.
The killer bee is heavily wounded.
You closely miss the killer bee with your +1 hand axe of draining. x2
You hit the killer bee with your +1 hand axe of draining.
You drain the killer bee.
* * * LOW HITPOINT WARNING * * *
You feel very sick. The killer bee stings you.
* * * LOW HITPOINT WARNING * * *
The killer bee closely misses you.
The killer bee stings you but does no damage. x4
You take 5 damage, and have 2/74 hp.
You hit the killer bee with your +1 hand axe of draining.
The killer bee is almost dead.
You closely miss the killer bee with your +1 hand axe of draining. x2
You miss the killer bee with your +3 flail of chaos.
You die...
Xom chortles!

_......##...............###
#.....................# .
##.#............[...####
#..P #. #.............#...#
#P.. #.###................#
#..###..#....###........##
#..#......###...##.....#
#....>...##y..#.####.##
##.........y@....# #.#
#.>........y......#### ..
##.................# ...
#.................#
....##..................#
...............#..###...#
..................# ....
................... ..
.##.............


You could see 3 killer bees.

Vanquished Creatures
  Pikel (D:5)
  A steam dragon (D:7)
  A water moccasin (D:6)
  Duvessa (D:5)
  An orc warrior (D:7)
  An ogre (D:6)
  A centaur (D:6)
  5 phantoms (D:6)
  2 elf zombies (Ossuary)
  A wyvern zombie (D:6)
  3 scorpions
  2 bullfrogs (D:7)
  3 wights (D:6)
  2 water moccasin zombies (D:6)
  3 killer bees (D:7)
  Dowan (D:5)
  A water moccasin skeleton (D:6)
  3 howler monkeys (D:7)
  A bombardier beetle (D:5)
  8 bullfrog zombies (D:6)
  6 centaur zombies
  3 hounds
  4 jellies
  4 human zombies (Ossuary)
  An orc priest (D:4)
  A sleepcap (D:7)
  4 bullfrog skeletons (D:6)
  5 iguanas
  7 orc wizards
  3 killer bee zombies (D:6)
  6 hound zombies (Ossuary)
  2 mummies (Ossuary)
  5 howler monkey zombies (D:6)
  6 adders
  3 gnolls (D:4)
  2 howler monkey skeletons (D:6)
  A shadow imp (D:7)
  5 adder zombies (Ossuary)
  A dart slug (D:2)
  2 ribbon worms
  15 orcs
  11 ball pythons
  10 endoplasms
  4 giant cockroaches
  9 hobgoblins
  4 jackals
  11 kobolds
  5 quokkas
  5 bats
  6 frilled lizards
  3 gnoll zombies (Ossuary)
  4 goblins
  4 jackal zombies (Ossuary)
  6 kobold zombies (Ossuary)
  5 orc zombies (Ossuary)
  6 rats
  A spectral hobgoblin (D:5)
222 creatures vanquished.

Vanquished Creatures (collateral kills)
  A bat (D:1)
  An orc zombie (D:5)
2 creatures vanquished.

Grand Total: 224 creatures vanquished

Notes
Turn   | Place    | Note
-------+----------+-------------------------------------------
     0 | D:1      | ezpacito the Coglin Chaos Knight began the quest for the
                  | Orb.
     0 | D:1      | Reached XP level 1. HP: 18/18 MP: 1/1
    22 | D:1      | Reached skill level 1 in Dodging
    34 | D:1      | Reached XP level 2. HP: 6/24 MP: 2/2
   564 | D:1      | XOM is BORED!
   564 | D:1      | XOM: silly message
   754 | D:2      | Reached XP level 3. HP: 29/29 MP: 3/3
   793 | D:2      | XOM: silly message
  1004 | D:2      | Reached XP level 4. HP: 35/35 MP: 4/4
  1246 | D:2      | XOM: silly message
  1269 | D:2      | XOM: divination: magic mapping
  1457 | D:2      | XOM: cloud trail
  1553 | D:2      | XOM: cloud trail
  1577 | D:2      | XOM: divination: detect creatures
  1982 | D:3      | Found Luiq's Book Boutique.
  2094 | D:3      | Reached skill level 1 in Polearms
  2282 | D:3      | Reached XP level 5. HP: 37/41 MP: 4/6
  2729 | D:4      | XOM: 1-stop teleportation journey
  2748 | D:4      | XOM: noise
  2786 | D:4      | Reached skill level 1 in Stealth
  2789 | D:4      | Reached skill level 1 in Spellcasting
  2799 | D:4      | XOM: 2-stop teleportation journey
  2869 | D:4      | Found a sand-covered staircase.
  2874 | Ossuary  | Entered an ossuary
  2907 | Ossuary  | Reached skill level 1 in Evocations
  2907 | Ossuary  | Reached XP level 6. HP: 45/48 MP: 7/7
  2934 | Ossuary  | XOM: 1-stop teleportation journey
  2984 | Ossuary  | XOM: 1-stop teleportation journey
  3111 | Ossuary  | Reached XP level 7. HP: 18/54 MP: 8/8
  3297 | Ossuary  | XOM: noise
  3304 | Ossuary  | XOM: give mutations
  3304 | Ossuary  | Gained mutation: You are agile. (Dex +4, Str/Int -1) [Xom's
                  | mischief]
  3304 | Ossuary  | Gained mutation: You have a pair of small horns on your
                  | head. [Xom's mischief]
  3304 | Ossuary  | Gained mutation: Your health recovers twice as slowly from
                  | being drained. [Xom's mischief]
  3397 | D:4      | XOM: silly message
  3513 | D:4      | XOM: noise
  3672 | D:4      | XOM: stat loss: -1 Str (12/13)
  3792 | D:4      | XOM: chaos upgrade
  3832 | D:4      | XOM: noise
  3841 | D:4      | XOM: summons 4 hostile demons
  4130 | D:5      | Entered Level 5 of the Dungeon
  4390 | D:5      | XOM: summons 4 hostile shadow creatures
  4459 | D:5      | Reached XP level 8. HP: 28/61 MP: 10/10
  4624 | D:5      | Noticed Pikel
  4634 | D:5      | Killed Pikel
  4635 | D:5      | Reached skill level 5 in Fighting
  4635 | D:5      | Reached skill level 5 in Axes
  4850 | D:5      | Found a hazy altar of Hepliaklqana.
  5038 | D:5      | Noticed Duvessa
  5044 | D:5      | Killed Duvessa
  5047 | D:5      | Noticed Dowan
  5052 | D:5      | Killed Dowan
  5126 | D:5      | XOM: summons 4 hostile shadow creatures
  5316 | D:6      | Reached XP level 9. HP: 65/68 MP: 12/12
  5317 | D:6      | XOM: enchant monster (bad)
  5598 | D:6      | Found a runed translucent door.
  5599 | D:6      | Found a shimmering altar of Xom.
  5599 | D:6      | Noticed pokeman's ghost (novice DEHW)
  5603 | D:6      | Noticed a +5 mace of chaos
  5609 | D:6      | XOM: enchant monster (bad)
  5646 | D:6      | XOM: silly message
  5703 | D:6      | Identified the +10 glaive of Jaucraoc {venom, rPois rN++
                  | Dex-3}
  5799 | D:6      | Found a staircase to the Ecumenical Temple.
  5817 | D:6      | Reached skill level 5 in Armour
  5819 | Temple   | Entered the Ecumenical Temple
  5830 | D:6      | XOM: confuse monster(s)
  6126 | D:6      | XOM: summons 4 hostile demons
  6363 | D:6      | XOM: divination: detect items
  6436 | D:6      | XOM: summons 1 hostile demon
  6588 | D:6      | XOM: summons 5 hostile demons
  6696 | D:7      | XOM: enchant monster (bad)
  6704 | D:7      | XOM: silly message
  6711 | D:7      | XOM: 1-stop teleportation journey
  6805 | D:7      | Reached XP level 10. HP: 59/76 MP: 14/14
  6809 | D:7      | Reached skill level 5 in Dodging
  7006 | D:6      | XOM: scenery: create altars
  7335 | D:7      | XOM: divination: detect creatures
  7341 | D:7      | Reached skill level 5 in Evocations
  7384 | D:7      | XOM: summons 4 friendly demons
  7421 | D:7      | Found an iron altar of Okawaru.
  7536 | D:7      | XOM: give mutations
  7536 | D:7      | Lost mutation: You have a pair of small horns on your head.
                  | [Xom's mischief]
  7536 | D:7      | Gained mutation: Your spells are a little harder to cast,
                  | but a little more powerful. [Xom's mischief]
  7571 | D:7      | HP: 3/74 [poisoned by a killer bee]
  7572 | D:7      | Succumbed to a killer bee's poison

Illustrated notes

Levels and vault maps discovered:
D:1:      dpeg_arrival_pits, layout_basic, minmay_tiny_reverse_x
D:2:      minmay_razor_zed, layout_basic, chequers_serial_rivers_micro_d,
          minmay_domino_2
D:3:      layout_loops_ring, nicolae_overflow_hidden_temple, serial_shops, shop
D:4:      layout_rooms, enter_ossuary_2, nicolae_houndstooth_variations
D:5:      layout_gridville, nicolae_hepliaklqana_monster_ancestors,
          uniq_duvessa, uniq_pikel
D:6:      layout_cave_pools, minmay_temple_entry_arrows, ebering_ghost_xom,
          serial_undead, serial_undead_f, serial_undead_e, serial_undead_a,
          serial_undead_d, serial_undead_d, serial_undead_a, serial_undead_b,
          serial_undead_d, serial_undead_d, serial_undead_c
D:7:      layout_cave_pools, tgw_trog, gammafunk_temple_overflow_forgotten
Temple:   nicolae_temple_slightly_damp_pantheon

Skill      XL: |  1  2  3  4  5  6  7  8  9 10 |
---------------+-------------------------------+-----
Dodging        | 1 2 3 4 5 |  5.2
Armour         | 2 3 4 5 |  5.7
Polearms       | 1 2 3 |  3.8
Stealth        | 1 2 3 |  3.6
Spellcasting   | 1 2 3 |  3.3
Evocations     | 1 2 3 4 5 |  5.0
Axes           | 4 5 6 |  6.7
Fighting       | 4 5 6 |  6.5

Action                     |  1- 3 |  4- 6 |  7- 9 | 10-12 || total
---------------------------+-------+-------+-------+-------++-------
  Melee: Hand axe          |    46 |   167 |   277 |    54 ||   544
         Dagger            |    46 |    73 |       |       ||   119
         Flail             |       |    85 |   293 |    53 ||   431
         Headbutt          |       |       |    52 |     8 ||    60
  Evoke: Wand              |       |       |     5 |       ||     5
    Use: Scroll            |     1 |    12 |     7 |       ||    20
         Potion            |       |     1 |    14 |     2 ||    17
   Stab: Sleeping          |       |     5 |     3 |       ||     8
         Petrified         |       |    15 |       |       ||    15
         Petrifying        |       |     4 |       |       ||     4
         Confused          |       |     1 |     5 |       ||     6
         Invisible         |       |       |     4 |       ||     4
         Paralysed         |       |       |     1 |       ||     1
 Armour: Leather armour    |    32 |   101 |   336 |       ||   469
         Chain mail        |       |       |    36 |   122 ||   158
  Dodge: Dodged            |    37 |    97 |   351 |    58 ||   543

Table legend: (Time is in decaauts)
 A = Elapsed time spent in this place.
 B = Non-inter-level travel time spent in this place.
 C = Inter-level travel time spent in this place.
 D = Time resting spent in this place.
 E = Time spent auto-exploring this place.
 F = Levels seen in this place.
 G = Mean time per level.
                   A        B        C        D        E       F      G
               +--------+--------+--------+--------+--------+-----+--------+
         Total |   7647 |   7157 |    490 |    877 |   4690 |   9 |  849.7 |
       Dungeon |   7150 |   6661 |    489 |    877 |   4433 |   7 | 1021.4 |
        Temple |      1 |      1 |      0 |      0 |      0 |   1 |    1.0 |
       Ossuary |    495 |    495 |      0 |      0 |    257 |   1 |  495.0 |
               +--------+--------+--------+--------+--------+-----+--------+

Top non-repeatable levels by time:
     D:6: 1956 daAuts
     D:2: 1225 daAuts
     D:5: 1147 daAuts
     D:4: 1004 daAuts
     D:3: 731 daAuts
     D:1: 700 daAuts
 Ossuary: 495 daAuts
     D:7: 384 daAuts
  Temple: 1 daAuts
